Map: Para Site LE

Players

MuKK

  • Race: Terran Terran
  • League: Diamond
  • Spawn Location: 11:00

A.I. 1 (Very Easy) - Winner!

  • Race: Protoss Protoss
  • Spawn Location: 5:00

VOD

Have the link to the VOD?

Description

Time

  • Played on: Sept. 23, 2018, 7:11 a.m.
  • Length: 9:24
Show
View Real Time Build Order
Export as new Build Order

MuKK Terran 

Build Orders: Reaper Expand, MMM Bio 

Get SALT Encoding   

  12  0:01  SCV  
  13  0:13  SCV  
  14  0:17  Supply Depot  
  14  0:25  SCV  
  15  0:29  Refinery  
  15  0:38  SCV  
  16  0:45  Barracks  
  16  0:50  SCV  
  17  1:02  SCV  
  18  1:15  SCV  
  19  1:32  Orbital Command  
  19  1:33  Reaper  
  20  1:44  Command Center  
  20  1:55  Factory  
  20  2:00  SCV  
  21  2:06  Barracks Reactor  
  21  2:11  Supply Depot  
  21  2:13  SCV  
  22  2:18  Refinery  
  22  2:25  SCV  
  24  2:37  SCV  
  24  2:40  Widow Mine  
  24  2:43  Marine x2  
  28  2:47  Starport  
  28  2:50  SCV  
  29  2:56  Orbital Command  
  29  3:02  SCV  
  29  3:04  Marine x2  
  32  3:15  Cyclone  
  32  3:16  SCV  
  36  3:22  SCV  
  36  3:26  Marine x2  
  39  3:28  SCV  
  40  3:34  SCV  
  40  3:37  Supply Depot  
  40  3:38  Viking  
  44  3:41  SCV  
  44  3:51  SCV  
  44  3:53  SCV, Barracks  
  44  3:55  Factory Tech Lab  
  46  3:59  Barracks Tech Lab  
  46  4:04  SCV, Barracks  
  46  4:06  SCV  
  46  4:08  Supply Depot  
  46  4:09  Starport Reactor  
  48  4:15  Siege Tank  
  48  4:16  SCV  
  52  4:20  Stimpack  
  52  4:22  SCV  
  53  4:28  SCV  
  53  4:30  Refinery, Supply Depot  
  54  4:32  Marine  
  54  4:35  SCV  
  56  4:40  SCV  
  56  4:43  Supply Depot  
  56  4:44  Marine x2  
  59  4:47  SCV  
  59  4:52  Siege Tank  
  63  4:54  SCV  
  63  4:55  Marine  
  63  4:57  Supply Depot  
  65  5:00  Starport Reactor  
  65  5:01  Marine x2  
  65  5:06  SCV, Marine  
  65  5:07  Marine  
  69  5:10  SCV  
  69  5:13  Supply Depot  
  71  5:15  Refinery, Marine  
  71  5:20  Marine x2  
  74  5:23  SCV  
  74  5:24  Supply Depot, Siege Tank  
  74  5:26  Marine x2  
  74  5:28  SCV  
  81  5:35  SCV, Marine  
  83  5:36  Medivac x2  
  83  5:42  Marine x2  
  89  5:43  SCV  
  89  5:47  SCV  
  91  5:51  Supply Depot  
  91  5:54  Marine x3  
  91  5:55  SCV  
  95  6:03  Marine x2  
  95  6:04  SCV, Siege Tank  
  101  6:14  Supply Depot  
  101  6:15  Supply Depot  
  101  6:16  Command Center  
  101  6:20  Marine x2  
  101  6:21  Marine  
  101  6:22  SCV x2  
  106  6:26  Medivac x2  
  110  6:35  Marine  
  110  6:36  SCV x2  
  110  6:37  Supply Depot  
  110  6:39  Marine x3  
  115  6:42  Marine  
  117  6:48  SCV, Siege Tank  
  117  6:53  SCV  
  117  6:54  Marine  
  122  6:55  Engineering Bay  
  122  6:57  Marine  
  122  6:59  Marine x2  
  122  7:00  SCV  
  127  7:01  Combat Shields  
  127  7:04  Marine  
  128  7:09  SCV  
  128  7:12  Medivac  
  128  7:13  Medivac  
  128  7:14  Marine  
  134  7:27  SCV, Terran Infantry Weapons Level 1, Marine x4  
  134  7:29  Supply Depot  
  139  7:31  Orbital Command  
  139  7:34  SCV, Marine  
  139  7:35  Supply Depot, Siege Tank  
  144  7:40  Engineering Bay  
  144  7:46  Marine  
  144  7:47  Marine x2  
  144  7:48  SCV  
  144  7:49  SCV, Barracks  
  144  7:50  Barracks  
  149  7:53  Supply Depot, Marine x2  
  149  7:56  Liberator  
  151  7:59  SCV  
  151  8:00  SCV  
  151  8:04  Supply Depot  
  153  8:07  Armory  
  153  8:08  SCV  
  154  8:14  Siege Tank  
  154  8:16  SCV  
  154  8:17  SCV  
  154  8:18  Supply Depot  
  154  8:19  Liberator  
  162  8:22  SCV  
  162  8:23  Marine x3  
  162  8:24  Marine  
  162  8:26  Marauder  
  169  8:28  SCV  
  169  8:31  SCV  
  169  8:33  Refinery  
  171  8:35  Refinery  
  171  8:37  SCV  
  171  8:40  Barracks Tech Lab, Supply Depot  
  171  8:41  SCV, Barracks Tech Lab  
  175  8:44  SCV  
  175  8:48  Supply Depot  
  177  8:53  SCV  
  177  8:54  Marine x3  
  177  8:55  Marauder, Barracks x2  
  186  8:56  SCV  
  186  8:57  SCV  
  186  9:02  Marauder x2  
  192  9:05  SCV  
Show
View Real Time Build Order
Export as new Build Order

A.I. 1 (Very Easy) Protoss - Winner!

Build Orders: 1 Gate Expand, Nexus First 

Get SALT Encoding   

  12  0:00  Probe  
  13  0:13  Probe  
  14  0:19  Pylon  
  14  0:44  Gateway  
  14  1:00  Nexus  
  14  1:19  Pylon  
  14  1:23  Assimilator  
  14  1:24  Zealot  
  14  1:36  Cybernetics Core  
  14  1:37  Probe  
  17  1:49  Probe  
  18  1:59  Assimilator, Probe  
  18  2:06  Stalker  
  18  2:07  Probe  
  19  2:09  Warp Gate  
  22  2:15  Probe  
  22  2:20  Probe  
  24  2:30  Probe  
  25  2:37  Probe  
  26  2:54  Probe  
  26  2:55  Assimilator  
  26  2:58  Pylon  
  27  3:02  Probe  
  28  3:09  Probe  
  28  3:11  Robotics Facility  
  29  3:16  Probe  
  30  3:23  Probe  
  31  3:29  Zealot  
  31  3:30  Probe  
  34  3:38  Probe  
  35  3:45  Probe  
  36  3:52  Probe  
  37  3:56  Observer  
  37  3:59  Probe  
  39  4:06  Probe  
  40  4:11  Observer  
  40  4:14  Probe  
  41  4:21  Assimilator, Probe  
  43  4:28  Probe  
  44  4:36  Probe  
  45  4:38  Pylon  
  45  4:43  Probe  
  45  4:44  Sentry  
  48  4:50  Probe  
  49  4:57  Probe  
Tags
 
Add a new tag
Caveats
  • Supply blocks, unpowered buildings, or Contaminate may cause inaccurate times.
  • Supply counts are checked every 10 seconds.